AoeStats
← DeMoTiX

Black Forest

510115068Analyzed
3v3 RM · 1d ago on Sep 29, 2026· 58m 24s· 6 players
Game mode
Random Map
Map size
Normal (6 player)
Population
200
Speed
Normal
Resources
Standard
Victory
Conquest
Starting age
Dark Age
Ending age
Imperial Age
RankedLock teamsTeams togetherTeam positionsShared explorationLock speedFull tech treeHidden civsTurbo modeCheats
Victory
Defeat
🇬🇧 Persians · United Kingdom
875
+17
🇬🇧 Britons · United Kingdom
850
+18
🇬🇧 Danes · United Kingdom
847
+18
🇨🇳 Persians · China
933
-20
🇬🇷 Malay · Greece
898
-18
🇧🇴 Vietnamese · Bolivia
838
-15
DeMoTiX
10:27 Feudal Age
12:07 Wheelbarrow
18:30 Castle Age
17:24 Double-Bit Axe
21:01 Horse Collar
25:55 Loom
30:30 Hand Cart
30:08 Gold Mining
30:20 Stone Mining
31:52 Heavy Plow
32:05 Bow Saw
31:54 Fletching
33:47 Bodkin Arrow
34:04 Forging
33:54 Padded Archer Armor
37:02 Imperial Age
34:46 Town Watch
36:11 Town Patrol
37:07 Caravan
37:32 Ballistics
39:06 Bracer
39:23 Leather Archer Armor
39:53 Stone Shaft Mining
40:43 Chemistry
40:14 Bloodlines
40:06 Husbandry
42:18 Ring Archer Armor
42:24 Iron Casting
41:49 Scale Mail Armor
41:56 Scale Barding Armor
43:25 Elite Battle Elephant
45:46 Elite Rattan Archer
49:14 Paper Money
49:20 Paper Money
49:07 Chatras
53:18 Thumb Ring
52:33 Elite Skirmisher
53:58 Imperial Skirmisher
56:39 Pikeman
afanas
14:56 Feudal Age
14:52 Double-Bit Axe
14:48 Horse Collar
20:34 Castle Age
21:09 Bow Saw
21:56 Wheelbarrow
24:06 Gold Mining
25:11 Hand Cart
25:00 Heavy Plow
27:31 Forging
29:13 Iron Casting
29:42 Husbandry
31:09 Scale Barding Armor
31:12 Devotion
39:20 Imperial Age
39:26 Imperial Age
36:48 Town Watch
36:49 Loom
37:38 Treadmill Crane
39:20 Conscription
40:05 Chemistry
39:21 Guilds
38:39 Elite Battle Elephant
40:22 Blast Furnace
40:33 Crop Rotation
40:06 Capped Ram
41:21 Forced Levy
42:20 Faith
45:17 Caravan
46:03 Capped Ram
46:11 Elite Karambit Warrior
48:48 Squires
48:34 Arson
48:11 Man-at-Arms
52:47 Long Swordsman
53:58 Two-Handed Swordsman
足下的土地
0:27 Loom
11:35 Feudal Age
13:58 Double-Bit Axe
16:49 Stone Mining
19:05 Castle Age
18:57 Horse Collar
24:05 Wheelbarrow
30:07 Imperial Age
27:29 Town Watch
29:22 Bow Saw
29:28 Hand Cart
30:27 Kamandaran
31:47 Two-Man Saw
32:02 Gold Mining
34:08 Ballistics
33:13 Crossbowman
34:50 Heavy Plow
36:50 Thumb Ring
38:19 Chemistry
41:39 Crop Rotation
41:28 Citadels
42:07 Bloodlines
41:59 Husbandry
41:21 Heavy Camel Rider
42:01 Murder Holes
42:22 Caravan
44:37 Forging
44:33 Scale Barding Armor
45:38 Gold Shaft Mining
45:57 Iron Casting
45:54 Town Patrol
46:46 Masonry
49:00 Fletching
49:11 Padded Archer Armor
raybae2000
0:31 Loom
13:59 Feudal Age
19:14 Castle Age
17:43 Double-Bit Axe
18:25 Gold Mining
18:16 Horse Collar
20:41 Heavy Plow
21:19 Gold Shaft Mining
34:21 Imperial Age
32:50 Wheelbarrow
32:19 Hamask
32:36 Pikeman
33:37 Gambesons
33:53 Squires
33:39 Arson
33:59 Fletching
34:19 Forging
34:09 Scale Mail Armor
35:15 Bodkin Arrow
36:01 Hoardings
35:29 Halberdier
36:33 Hand Cart
36:05 Town Watch
36:38 Masonry
37:48 Chemistry
37:55 Bracer
38:30 Iron Casting
38:11 Chain Mail Armor
38:19 Ballistics
40:14 Conscription
41:27 Blast Furnace
41:22 Northmen's Fury
42:26 Town Patrol
45:22 Siege Engineers
45:13 Murder Holes
46:22 Plate Mail Armor
46:15 Caravan
47:13 Elite Varangian Guard
47:13 Man-at-Arms
48:48 Onager
52:43 Siege Onager
53:11 Elite Jomsviking
53:18 Long Swordsman
55:17 Two-Handed Swordsman
56:45 Champion
Rojeed
0:27 Loom
12:06 Feudal Age
12:49 Feudal Age
14:16 Double-Bit Axe
18:21 Castle Age
17:33 Horse Collar
19:26 Heavy Plow
19:39 Bow Saw
20:47 Wheelbarrow
21:43 Stone Mining
25:41 Gold Mining
26:53 Hand Cart
31:48 Imperial Age
30:07 Ballistics
29:43 Fletching
29:53 Padded Archer Armor
31:04 Bodkin Arrow
31:09 Padded Archer Armor
31:11 Guard Tower
31:43 Caravan
31:30 Pikeman
32:18 Murder Holes
32:33 Fortified Wall
32:56 Yeomen
32:58 Conscription
33:26 Bracer
33:42 Leather Archer Armor
32:54 Halberdier
33:42 Scale Mail Armor
34:36 Forging
34:14 Gambesons
35:41 Elite Longbowman
38:08 Chemistry
37:43 Squires
38:54 Warwolf
38:23 Man-at-Arms
39:36 Ring Archer Armor
39:41 Iron Casting
39:45 Keep
38:55 Arrowslits
41:55 Siege Engineers
41:36 Arrowslits
42:03 Masonry
41:34 Treadmill Crane
42:57 Blast Furnace
42:13 Chain Mail Armor
42:03 Scale Barding Armor
41:22 Long Swordsman
41:48 Arson
47:25 Guilds
47:48 Coinage
56:03 Capped Ram
57:12 Two-Handed Swordsman
58:05 Champion
Bourny96
8:52 Loom
12:59 Feudal Age
15:31 Horse Collar
19:29 Castle Age
21:34 Wheelbarrow
21:12 Double-Bit Axe
22:39 Bow Saw
27:37 Scale Barding Armor
27:34 Padded Archer Armor
30:12 Heavy Plow
31:06 Hand Cart
31:46 Chain Barding Armor
31:37 Forging
31:43 Leather Archer Armor
34:45 Imperial Age
32:38 Bloodlines
34:38 Forging
34:29 Murder Holes
34:55 Heavy Camel Rider
34:58 Cavalier
36:19 Plate Barding Armor
36:19 Iron Casting
36:15 Ring Archer Armor
36:54 Chemistry
36:48 Crop Rotation
36:12 Gold Mining
37:14 Savar
39:26 Kamandaran
39:35 Kamandaran
39:50 Crossbowman
42:54 Blast Furnace
42:25 Ring Archer Armor
41:46 Fletching
42:33 Elite War Elephant
45:54 Thumb Ring
48:21 Caravan
57:23 Bodkin Arrow
57:29 Scale Mail Armor
Connection lost

Rejoining the realm…

Still unreachable

The connection could not be restored.

Session expired

The server has moved on; the page needs a fresh start.